 Dungeon Crawl Stone Soup version 0.29.1-12-g30fa7ad0bf (webtiles) character file.

Game seed: 7245912392499565986

221 112233 the Gusty (level 5, -4/28 HPs)
             Began as a Tengu Air Elementalist on Dec 17, 2022.
             Slain by a gnoll
             ... wielding a +0 spear
              (6 damage)
             ... on level 4 of the Dungeon.
             The game lasted 00:03:44 (3978 turns).

112233 the Gusty (Tengu Air Elementalist)           Turns: 3978, Time: 00:03:44

Health: -4/28      AC:  2    Str:  8    XL:     5   Next: 98%
Magic:  0/10       EV: 14    Int: 17    God:
Gold:   175        SH:  0    Dex: 15    Spells: 6/9 levels left

rFire   . . .      SeeInvis .   d - +0 club
rCold   . . .      Faith    .   (no shield)
rNeg    . . .      Spirit   .   a - +0 robe
rPois   .          Reflect  .   (helmet restricted)
rElec   .          Harm     .   (no cloak)
rCorr   .          Rampage  .   (no gloves)
Will    .....                   (boots unavailable)
Stlth   ++........              (no amulet)
HPRegen 0.89/turn               h - ring of flight
MPRegen 0.12/turn               (no ring)

@: attractive, flying quickly and evasively, invisible, quick
A: beak, talons 3, nimble flight, antennae 1, regeneration 1
a: no special abilities


You were on level 4 of the Dungeon.
You visited 1 branch of the dungeon, and saw 5 of its levels.

You collected 175 gold pieces.

Inventory:

Hand Weapons
 d - a +0 club (weapon)
Armour
 a - a +0 robe (worn)
 m - a +0 helmet
Jewellery
 h - a ring of flight (left hand)
Scrolls
 e - 5 scrolls of identify {unknown}
 f - a scroll of magic mapping {unknown}
 g - 2 scrolls of amnesia {unknown}
 i - a scroll of torment {unknown}
 j - a scroll of teleportation {unknown}
 k - 2 scrolls of poison {unknown}
 l - 2 scrolls of noise {unknown}
 n - a scroll of vulnerability {unknown}
Potions
 o - 3 potions of brilliance
 p - a potion of invisibility


   Skills:
 - Level 2.1 Dodging
 - Level 2.0 Stealth
 + Level 2.9 Spellcasting
 - Level 1.3 Conjurations
 + Level 7.9 Air Magic


You had 6 spell levels left.
You knew the following spells:

 Your Spells              Type           Power      Damage    Failure   Level
a - Shock                 Conj/Air       72%        1d7       2%          1
b - Static Discharge      Conj/Air       18%        3-6/arc   4%          2

Your spell library contained the following spells:

 Spells                   Type           Power      Damage    Failure   Level
 Swiftness                Air            29%        N/A       1%          3
 Airstrike                Air            14%        2d(3-19)  7%          4
 Necrotise                Necr           8%         1d4       19%         1
 Frozen Ramparts          Ice            4%         1d1       47%         3
 Vampiric Draining        Necr           2%         2d6       47%         3
 Ice Form                 Ice/Tmut       2%         N/A       87%         4
 Summon Ice Beast         Ice/Summ       2%         N/A       87%         4
 Agony                    Necr           2%         N/A       99%         5


Dungeon Overview and Level Annotations

Branches:
Dungeon (5/15)
 Temple: D:4-7

Altars:
Dithmenos
Qazlal
Zin

Annotations:
D:3 1 runed translucent door, exclusion: downstairs, Crazy Yiuf
D:4 exclusion: downstairs
D:5 Ijyb


Innate Abilities, Weirdness & Mutations

You have a beak for a mouth.
You have claws for feet.
Your magical nature lets you fly swiftly and evasively.
You have a pair of small antennae on your head.
Your natural rate of healing is unusually fast.


Message History

You hit the gnoll. Your kick misses the gnoll.
The gnoll is lightly wounded.
The gnoll is attracted toward you.
You completely miss the gnoll.
The gnoll is lightly wounded.
The gnoll barely misses you. The gnoll completely misses you.
You hit the gnoll but do no damage.
The gnoll is lightly wounded.
The gnoll hits you with a +0 spear.
You hit the gnoll.
The gnoll is moderately wounded.
The gnoll hits you with a +0 spear.
You hit the gnoll but do no damage.
The gnoll is moderately wounded.
The gnoll misses you. x2
Casting: Static Discharge (safe; 4% risk of failure)
Confirm with . or Enter, or press ? or * to list all spells.
The gnoll is struck by an arc of lightning!
The gnoll is almost dead.
You are struck by an arc of lightning.
The lightning grounds out.
The gnoll hits you with a +0 spear. The gnoll closely misses you.
Unknown command.
Unknown command.
You hit the gnoll but do no damage.
The gnoll is almost dead.
The gnoll hits you with a +0 spear.
Casting: Static Discharge (safe; 4% risk of failure)
Confirm with . or Enter, or press ? or * to list all spells.
You don't have enough magic to cast this spell.
Unknown command.
You barely miss the gnoll. You claw the gnoll, but do no damage.
The gnoll is almost dead.
The gnoll closely misses you.
You closely miss the gnoll.
The gnoll is almost dead.
The gnoll hits you with a +0 spear!
* * * LOW HITPOINT WARNING * * *
The gnoll hits you with a +0 spear.
You die...

...#######
....†)g@.#
...#####.#
#.# #.#
#.# #.#
#.# #.#
#.#


You could see a gnoll (unable to see you).

Vanquished Creatures
  A scorpion (D:4)
  An orc wizard (D:3)
  3 gnolls (D:4)
  An adder (D:2)
  A worm (D:1)
  6 dart slugs
  7 orcs
  An endoplasm (D:1)
  4 giant cockroaches
  10 goblins
  8 hobgoblins
  6 quokkas
  5 ball pythons
  2 bats
  A frilled lizard (D:2)
  7 kobolds
  8 rats
72 creatures vanquished.

Notes
Turn   | Place    | Note
-------+----------+-------------------------------------------
     0 | D:1      | 112233 the Tengu Air Elementalist began the quest for the
                  | Orb.
     0 | D:1      | Reached XP level 1. HP: 10/10 MP: 4/4
   290 | D:1      | Reached XP level 2. HP: 10/15 MP: 3/6
   420 | D:1      | Found a faded altar of an unknown god.
   521 | D:1      | Reached skill level 5 in Air Magic
   977 | D:1      | Reached XP level 3. HP: 19/19 MP: 3/7
  1469 | D:2      | Found a shadowy altar of Dithmenos.
  1779 | D:2      | Learned a level 2 spell: Static Discharge
  1904 | D:2      | Reached skill level 6 in Air Magic
  2361 | D:2      | Reached XP level 4. HP: 24/24 MP: 1/8
  2905 | D:3      | Gained mutation: Your body sometimes deteriorates upon
                  | taking damage. [potion of mutation]
  2905 | D:3      | Gained mutation: You are partially covered in iridescent
                  | scales. (AC +2) [potion of mutation]
  2905 | D:3      | Gained mutation: You have supernaturally acute eyesight.
                  | (SInv) [potion of mutation]
  2909 | D:3      | Reached skill level 7 in Air Magic
  3120 | D:3      | Lost mutation: You are partially covered in iridescent
                  | scales. (AC +2) [potion of mutation]
  3120 | D:3      | Lost mutation: Your body sometimes deteriorates upon taking
                  | damage. [potion of mutation]
  3120 | D:3      | Lost mutation: You have supernaturally acute eyesight.
                  | (SInv) [potion of mutation]
  3120 | D:3      | Gained mutation: Your natural rate of healing is unusually
                  | fast. [potion of mutation]
  3120 | D:3      | Gained mutation: You have a pair of small antennae on your
                  | head. [potion of mutation]
  3369 | D:3      | Found a runed translucent door.
  3370 | D:3      | Noticed Crazy Yiuf
  3442 | D:4      | Found a glowing silver altar of Zin.
  3551 | D:4      | Noticed a black bear
  3635 | D:4      | Found a stormy altar of Qazlal.
  3653 | D:4      | Gained mutation: Your magical nature lets you fly swiftly
                  | and evasively. [Tengu growth]
  3653 | D:4      | Reached XP level 5. HP: 28/28 MP: 6/9
  3789 | D:5      | Entered Level 5 of the Dungeon
  3789 | D:5      | Noticed Ijyb
  3789 | D:5      | Noticed a sky beast
  3978 | D:4      | Slain by a gnoll

Illustrated notes

Levels and vault maps discovered:
D:1:      lightli_arrival_isolated_outpost, layout_rooms,
          hellmonk_ecumenical_altar_pennies_from_heaven,
          dreamdust_princess_corridor, minmay_crystal_water
D:2:      layout_rooms, basic_altar
D:3:      layout_basic, uniq_crazy_yiuf_cottage
D:4:      layout_basic, mainiacjoe_overflow_swirl,
          minmay_temple_entry_large_hall
D:5:      layout_rooms, uniq_ijyb, uniq_edmund

Skill      XL: |  1  2  3  4 |
---------------+-------------+-----
Air Magic      | 5 6 7 |  7.9
Dodging        | |  2.1
Stealth        | |  2.0
Spellcasting   | |  2.9
Conjurations   | |  1.3

Action                   |  1- 3 |  4- 6 || total
-------------------------+-------+-------++-------
Melee: Club              |     9 |    12 ||    21
       Kick              |     1 |     2 ||     3
       Peck              |     3 |     1 ||     4
 Cast: Shock             |   111 |    56 ||   167
       Static Discharge  |       |     9 ||     9
  Use: Potion            |     2 |     6 ||     8
 Stab: Sleeping          |     1 |       ||     1
       Invisible         |       |     1 ||     1
Armor: Robe              |     7 |     2 ||     9
Dodge: Dodged            |    16 |    26 ||    42
